 Dungeon Crawl Stone Soup version 0.31.0-11-ge490571c62 (webtiles) character file.

Game seed: 2970342218973228683

21 qw the Shooter (level 2, -7/14 HPs)
             Began as a Spriggan Hunter on Feb 5, 2024.
             Mangled by Sigmund
             ... wielding a +2 scythe of freezing
              (11 damage)
             ... on level 2 of the Dungeon.
             The game lasted 00:00:16 (787 turns).

qw the Shooter (Spriggan Hunter)                     Turns: 787, Time: 00:00:16

Health: -7/14      AC:  2    Str:  7    XL:     2   Next: 65%
Magic:  3/3        EV: 19    Int: 10    God:
Gold:   109        SH:  0    Dex: 18    Spells: 1/1 levels left

rFire   . . .        a - +0 shortbow
rCold   . . .        (shield currently unavailable)
rNeg    . . .        c - +0 robe
rPois   .            (helmet restricted)
rElec   .            (no cloak)
rCorr   .            (gloves unavailable)
SInv    +            (boots unavailable)
Will    .....        (no amulet)
Stlth   ++           (no ring)
HPRegen 0.22/turn    (no ring)
MPRegen 0.08/turn

%: no passive effects
@: hasted, very quick
A: very small, no large weapons, unfitting armour, see invisible, speed 3
a: no special abilities


You were on level 2 of the Dungeon.
You visited 1 branch of the dungeon, and saw 2 of its levels.

You collected 109 gold pieces.


Innate Abilities, Weirdness & Mutations

You are very small and have problems with some larger weapons.
You are too small for most types of armour.
You have supernaturally acute eyesight. (SInv)
You cover ground extremely quickly. (Speed+++)


   Skills:
 - Level 1.5 Fighting
 + Level 4.2 Ranged Weapons
 - Level 4.0 Dodging
 - Level 1.5 Stealth


You had one spell level left.
You didn't know any spells.
Your spell library was empty.

Inventory:

Hand Weapons
 a - a +0 shortbow (weapon)
Armour
 c - a +0 robe (worn)

Dungeon Overview and Level Annotations

Branches:
Dungeon (2/15)

Altars:
Kikubaaqudgha

Shops:
D:1 (

Annotations:
D:1 1 runed translucent door
D:2 1 runed translucent door, Crazy Yiuf, Sigmund


Message History

Sigmund gestures at you while chanting. The puff of flame hits you.
You shoot an arrow. The arrow closely misses Sigmund.
You start resting.
Sigmund is nearby!
You shoot an arrow.
The arrow hits Sigmund but does no damage.
Sigmund is severely wounded.
You shoot an arrow.
The arrow hits Sigmund but does no damage.
Sigmund is severely wounded.
Sigmund closely misses you.
You shoot an arrow. The arrow hits Sigmund.
Sigmund is severely wounded.
Sigmund casts a spell at you. The magic dart hits you.
You shoot an arrow. The arrow barely misses Sigmund.
You shoot an arrow.
The arrow hits Sigmund but does no damage.
Sigmund is severely wounded.
Sigmund closely misses you.
You shoot an arrow.
The arrow hits Sigmund but does no damage.
Sigmund is severely wounded.
You shoot an arrow. The arrow hits Sigmund.
Sigmund is almost dead.
Sigmund completely misses you.
You shoot an arrow. The arrow closely misses Sigmund.
You shoot an arrow. The arrow barely misses Sigmund.
Sigmund closely misses you.
You shoot an arrow. The arrow hits Sigmund.
Sigmund is almost dead.
You shoot an arrow. The arrow closely misses Sigmund.
Sigmund completely misses you.
You shoot an arrow. The arrow hits Sigmund.
Sigmund is almost dead.
Sigmund hits you with a +2 scythe of freezing!
Ouch! That really hurt!
You die...
Sigmund begins carving another notch in his scythe.

#.#........##..P....
#.#........######...
#.#..<.....#### ##..
#.#...........# #..
#.............# #..
######............+
+..
........#.###.....#
#.. #.......#.#
#....... #..
#......@#'#
#######.....
#.......@....# ##..%
#.###.........$ #.##
. #.......... ...
+.......... ..
#..........
##.#####... .. ...


You could see Sigmund.

Vanquished Creatures
  An adder skeleton (D:2)
  5 ball pythons
  A bat (D:1)
  A bat zombie (D:2)
  An endoplasm (D:2)
  A giant cockroach (D:2)
  2 goblins (D:1)
  2 hobgoblins
  A quokka (D:1)
  A frilled lizard (D:1)
  2 rats
18 creatures vanquished.

Notes
Turn   | Place    | Note
-------+----------+-------------------------------------------
     0 | D:1      | qw the Spriggan Hunter began the quest for the Orb.
     0 | D:1      | Reached XP level 1. HP: 10/10 MP: 2/2
     0 | D:1      | 0 ||| qw: Version: 0.3-a-160-g6735b56
     0 | D:1      | 0 ||| qw: Game counter: 6492
     0 | D:1      | 0 ||| qw: Melee chars always use a shield: true
     0 | D:1      | 0 ||| qw: God list: Okawaru
     0 | D:1      | 0 ||| qw: Allow faded altars: false
     0 | D:1      | 0 ||| qw: Do Orc after clearing Dungeon:15 true
     0 | D:1      | 0 ||| qw: Do second Lair branch before Depths: true
     0 | D:1      | 0 ||| qw: Lair rune preference: random
     0 | D:1      | 0 ||| qw: Goals: Normal
     0 | D:1      | 0 ||| PLANNING D:1-11
     1 | D:1      | Found a runed translucent door.
    50 | D:1      | Reached skill level 3 in Dodging
   203 | D:1      | Reached XP level 2. HP: 14/14 MP: 3/3
   350 | D:1      | Found Lasix's Antique Weapon Shop.
   549 | D:1      | 549 ||| DROPPING +6 ring of intelligence.
   550 | D:1      | 550 ||| READING scroll labelled AWIUCA IBOSM.
   551 | D:1      | 551 ||| READING scroll labelled MALIKA LUB YRYLI.
   551 | D:1      | 551 ||| IDENTIFYING cyan potion
   552 | D:1      | 552 ||| DROPPING scroll of butterflies.
   578 | D:2      | Found an ancient bone altar of Kikubaaqudgha.
   685 | D:2      | Found a runed translucent door.
   686 | D:2      | Noticed Crazy Yiuf
   767 | D:2      | Noticed Sigmund
   768 | D:2      | 768 ||| DRINKING potion of haste.
   778 | D:2      | HP: 3/14 [Sigmund/magic dart (6)]
   787 | D:2      | Mangled by Sigmund

Levels and vault maps discovered:
D:1:      dpeg_arrival_caged_fury, layout_loops_ring, serial_shops, shop
D:2:      layout_basic, basic_altar, serial_undead, serial_undead_f,
          serial_undead_e, serial_undead_d, serial_undead_b, uniq_sigmund,
          uniq_crazy_yiuf_cottage

Skill      XL: |  1  2 |
---------------+-------+-----
Dodging        | 3 4 |  4.0
Fighting       | |  1.5
Ranged Weapons | |  4.2
Stealth        | |  1.5

Action                     || total
---------------------------++-------
   Fire: Shortbow          ||    53
    Use: Scroll            ||     2
         Potion            ||     1
 Armour: Robe              ||     7
  Dodge: Dodged            ||    18

Table legend:
 A = Non-vault XP
 B = Vault XP
 C = Vault XP percentage of total XP
 D = Non-vault monster count
 E = Vault monster count
 F = Vault count percentage of total count
                 A         B        C        D         E       F
            +---------+---------+-------+---------+---------+-------
      Total |      24 |       7 |  22.6 |      16 |       2 |  11.1
            +---------+---------+-------+---------+---------+-------
        D:1 |      15 |       0 |   0.0 |      10 |       0 |   0.0
        D:2 |       9 |       7 |  43.8 |       6 |       2 |  25.0
            +---------+---------+-------+---------+---------+-------
